 Dungeon Crawl Stone Soup version 0.23-a0-319-gb40ba49 (webtiles) character file.

137 Garbasso the Slasher (level 5, -2/37 HPs)
             Began as an Octopode Fighter on Oct 14, 2018.
             Slain by Natasha (9 damage)
             ... on level 3 of the Dungeon.
             The game lasted 00:09:02 (2292 turns).

Garbasso the Slasher (Octopode Fighter)             Turns: 2292, Time: 00:09:03

Health: -2/37      AC:  1    Str: 16    XL:     5   Next: 20%
Magic:  5/5        EV: 12    Int: 10    God:
Gold:   115        SH:  8    Dex: 12    Spells: 4/4 levels left

rFire    . . .     SeeInvis .   a - +0 long sword
rCold    . . .     Gourm    .   b - +0 shield
rNeg     . . .     Faith    .   (helmet restricted)
rPois    .         Spirit   .   (no amulet)
rElec    .         Reflect  .   (no ring)
rCorr    .         Harm     .   (no ring)
MR       .....                  (no ring)
Stlth    ++........             (no ring)
HPRegen  0.12/turn              (no ring)
MPRegen  0.09/turn              (no ring)
                                (no ring)
                                (no ring)

@: no status effects
A: almost no armour, stealthy swim, amphibious, 8 rings, constrict 8, camouflage
1, gelatinous body 1
a: no special abilities


You were on level 3 of the Dungeon.
You were not hungry.

You visited 1 branch of the dungeon, and saw 3 of its levels.

You collected 115 gold pieces.

Inventory:

Hand Weapons
 a - a +0 long sword (weapon)
Missiles
 e - 5 javelins (quivered)
 f - 45 stones
Armour
 b - a +0 shield (worn)
Scrolls
 j - a scroll of teleportation {unknown}
 k - a scroll of identify
 n - a scroll of immolation {unknown}
 o - a scroll of fear {unknown}
Potions
 c - a potion of might
 h - 2 potions of heal wounds {unknown}
 i - 2 potions of agility
 m - 2 potions of curing
Comestibles
 d - 5 rations


   Skills:
 + Level 3.7 Fighting
 * Level 3.9 Long Blades
 + Level 3.8 Dodging
 - Level 3.0 Shields


You had 4 spell levels left.
You didn't know any spells.
Your spell library was empty.

Dungeon Overview and Level Annotations

Branches:
Dungeon (3/15)

Altars:

Annotations:
D:3 Natasha


Innate Abilities, Weirdness & Mutations

You cannot wear most types of armour.
You are very stealthy in the water. (Stealth+)
You are amphibious.
You can wear up to eight rings at the same time.
You can use your tentacles to constrict eight enemies at once.
Your skin changes colour to match your surroundings (Stealth+).
Your rubbery body absorbs attacks. (AC +1, EV +1)


Message History

You throw a javelin. The javelin barely misses Natasha.
Natasha hisses angrily.
Natasha casts a spell.
Natasha casts a spell at you. The magic dart hits you!
The crimson imp hits you. Natasha claws you! The crimson imp barely misses you.
You see here a stone.
You closely miss Natasha. You grab Natasha. You constrict Natasha.
Natasha claws you!
* * * LOW HITPOINT WARNING * * *
The crimson imp hits you.
* * * LOW HITPOINT WARNING * * *
You hit Natasha but do no damage.
Natasha is lightly wounded.
You constrict Natasha. Natasha closely misses you.
You block the crimson imp's attack.
You hit Natasha. You squeeze Natasha.
Natasha is heavily wounded.
You constrict Natasha. Natasha claws you!
You die...

*,,,,,,,,,*****,....#************
****,,,,,,,,,,.......,,,,,,,,,,,*
*****,,****#.....#######****,*
*,,**###.##.........* *,*
#,,,,,...##.........* *,*
*****##.,****#.##.).......* *,*
*,,,,....#####.(.(........* *,,
*,,,,....!.....h..%#******* ***
*,,,,......)...@...#
*,,,,.......)...5..#########
*,,,,...#....#.....().)....#
*****#**#....#.)..[#######.#####
##..##.....# #..........
##.*#.##### #.####.#### #.,#'#**
#.####.#### #.,...,* #....<..)).
*,....,* ###########


You could see Natasha and a crimson imp.

Vanquished Creatures
  Jessica (D:3)
  Natasha (D:3)
  An adder (D:2)
  2 oozes (D:1)
  2 worms
  2 dart slugs
  7 orcs (D:3)
  7 bats
  2 giant cockroaches (D:1)
  6 goblins
  A hobgoblin (D:1)
  6 jackals (D:1)
  A ball python (D:1)
  3 frilled lizards
  8 kobolds
  3 rats
53 creatures vanquished.

Notes
Turn   | Place    | Note
-------+----------+-------------------------------------------
     0 | D:1      | Garbasso the Octopode Fighter began the quest for the Orb.
     0 | D:1      | Reached XP level 1. HP: 16/16 MP: 1/1
    57 | D:1      | Reached XP level 2. HP: 20/21 MP: 2/2
   358 | D:1      | Reached XP level 3. HP: 18/26 MP: 3/3
  1402 | D:2      | Reached XP level 4. HP: 29/31 MP: 4/4
  1796 | D:3      | Noticed Jessica
  1798 | D:3      | Killed Jessica
  1812 | D:3      | Noticed Natasha
  1820 | D:3      | Killed Natasha
  1820 | D:3      | Reached XP level 5. HP: 18/37 MP: 5/5
  2174 | D:3      | Noticed Natasha
  2292 | D:3      | Slain by Natasha

Vault maps used:
D:1:      shiori_arrival_oz
D:2:      first_ration
D:3:      gammafunk_ghost_arena, uniq_jessica, uniq_natasha

Skill      XL: |  1  2  3 |
---------------+----------+-----
Long Blades    | 3 |  3.9
Fighting       | |  3.7
Dodging        | |  3.8
Shields        | |  3.0

Action                   |  1- 3 |  4- 6 || total
-------------------------+-------+-------++-------
Melee: Long sword        |    51 |    34 ||    85
       Tentacles         |    13 |     6 ||    19
       Constrict         |    12 |    13 ||    25
Throw: Javelin           |    13 |     8 ||    21
       Stone             |     8 |       ||     8
  Use: Scroll            |       |     4 ||     4
 Stab: Sleeping          |     4 |     1 ||     5
  Eat: Chunk             |     2 |     2 ||     4
Armor: Skin              |     6 |     3 ||     9
Dodge: Dodged            |    20 |    19 ||    39
Block: Shield            |    14 |    12 ||    26
       Rpst.: Long sword |     6 |     4 ||    10

Table legend:
 A = Non-vault XP
 B = Vault XP
 C = Vault XP percentage of total XP
 D = Non-vault monster count
 E = Vault monster count
 F = Vault count percentage of total count
                 A         B        C        D         E       F
            +---------+---------+-------+---------+---------+-------
      Total |     121 |      75 |  38.3 |      49 |       4 |   7.5
            +---------+---------+-------+---------+---------+-------
        D:1 |      53 |       3 |   5.4 |      24 |       2 |   7.7
        D:2 |      38 |       0 |   0.0 |      14 |       0 |   0.0
        D:3 |      30 |      72 |  70.6 |      11 |       2 |  15.4
            +---------+---------+-------+---------+---------+-------
